 Dungeon Crawl Stone Soup version 0.22-a0-445-g8c8ef71 (webtiles) character file.

135 Gorglomux the Poker (level 5, -1/42 HPs)
             Began as a Merfolk Fighter on June 2, 2018.
             Killed by nerve-wracking pain
             ... invoked by Jessica
              (11 damage)
             ... on level 2 of the Dungeon.
             The game lasted 00:03:54 (1513 turns).

Gorglomux the Poker (Merfolk Fighter)               Turns: 1513, Time: 00:03:54

Health: -1/42      AC:  8    Str: 25    XL:     5   Next: 18%
Magic:  5/5        EV:  9    Int: 12    God:
Gold:   135        SH: 10    Dex: 13    Spells: 4/4 levels left

rFire    . . .     SeeInvis .   a - +0 trident
rCold    . . .     Gourm    .   c - +0 shield
rNeg     . . .     Faith    .   b - +0 scale mail
rPois    .         Spirit   .   g - +0 helmet
rElec    .         Reflect  .   (no cloak)
rCorr    .         Harm     .   (no gloves)
MR       .....                  n - +0 pair of boots
Stlth    ..........             (no amulet)
HPRegen  0.14/turn              (no ring)
MPRegen  0.09/turn              (no ring)

@: mighty, brilliant, slowed, very slow
A: change form in water, swift swim, stealthy swim, blink, strong 1, no potion
heal 1
a: Blink


You were on level 2 of the Dungeon.
You were not hungry.

You visited 1 branch of the dungeon, and saw 2 of its levels.

You collected 135 gold pieces.

Inventory:

Hand Weapons
 a - a +0 trident (weapon)
Armour
 b - a +0 scale mail (worn)
 c - a +0 shield (worn)
 g - a +0 helmet (worn)
 n - a +0 pair of boots (worn)
Scrolls
 i - 3 scrolls of identify {unknown}
 j - a scroll of enchant weapon {unknown}
 m - 4 scrolls of immolation {unknown}
 p - 2 scrolls of enchant armour {unknown}
 q - a scroll of magic mapping {unknown}
 r - a scroll of noise {unknown}
 s - a scroll of blinking {unknown}
Comestibles
 f - 2 rations


   Skills:
 + Level 4.2 Fighting
 + Level 4.5 Polearms
 - Level 2.1 Armour
 + Level 2.8 Dodging
 + Level 3.8 Shields


You had 4 spell levels left.
You didn't know any spells.
Your spell library was empty.

Dungeon Overview and Level Annotations

Branches:
Dungeon (2/15)

Altars:

Annotations:
D:2 Jessica


Innate Abilities, Weirdness & Mutations

You revert to your normal form in water.
You are very nimble and swift while swimming.
You are very stealthy in the water. (Stealth+)
You can translocate small distances at will.
Your muscles are strong. (Str +2)
Potions are less effective at restoring your health.


Message History

You closely miss Natasha!
Natasha is almost dead!
Natasha closely misses you! Natasha claws you but does no butt!
You spit Natasha like a pig!
You annihilate Natasha!!!
Natasha growls in agony!!!
You have reached level 5!!!
You feel stronger!
Jessica butts, "I'm really upset!"
Jessica hits butt! * * * don't die
* * * Unknown command!
Attack whom?
Press: ? - help, Dir - move target cursor, f - Jessica Butt: Jessica, wearing a robe and carrying a wand of polymorph (11) (fast)
Your shield and scale mail prevent you from hitting Jessica!
Jessica closely misses you! Jessica completely misses you!
Jessica casts a spell at you! Pain shoots through your body!!! rip

.......#
#######.@...
########
#......h....
.<.....#
#...........
######.#
#.....$..... #.#
#........... #.#
#......####. #.#
##.#####
######.#### #@#
#...>.....# #@#
#.####....# #.#
#.##############.#
#................#
##################


You could see Jessica.

Vanquished Creatures
  Terence (D:2)
  Natasha (D:2)
  4 adders (D:2)
  A worm (D:2)
  A leopard gecko (D:2)
  8 bats
  2 giant cockroaches
  10 goblins
  2 jackals (D:1)
  7 kobolds
  A quokka (D:2)
  2 frilled lizards
  7 rats
47 creatures vanquished.

Notes
Turn   | Place    | Note
-------+----------+-------------------------------------------
     0 | D:1      | Gorglomux the Merfolk Fighter began the quest for the Orb.
     0 | D:1      | Reached XP level 1. HP: 18/18 MP: 1/1
     9 | D:1      | Noticed a centaur
    83 | D:1      | Reached XP level 2. HP: 24/24 MP: 2/2
   115 | D:1      | Reached skill level 1 in Dodging
   402 | D:1      | Reached XP level 3. HP: 29/29 MP: 3/3
   833 | D:2      | Noticed Terence
   893 | D:2      | Killed Terence
   893 | D:2      | Reached XP level 4. HP: 21/37 MP: 4/4
  1488 | D:2      | Noticed Natasha
  1488 | D:2      | Noticed Jessica
  1506 | D:2      | Gained mutation: Your muscles are strong. (Str +2) [potion of mutation]
  1506 | D:2      | Gained mutation: Potions are less effective at restoring your health. [potion of mutation]
  1506 | D:2      | Gained mutation: You can translocate small distances at will. [potion of mutation]
  1512 | D:2      | Killed Natasha
  1512 | D:2      | Reached XP level 5. HP: 13/42 MP: 5/5
  1513 | D:2      | Killed from afar by Jessica

Vault maps used:
D:1:      evilmike_arrival_come_back, minmay_cut_off
D:2:      uniq_terence, uniq_natasha, uniq_jessica

Skill      XL: |  1  2  3  4 |
---------------+-------------+-----
Dodging        | 1 2 |  2.8
Polearms       | 4 |  4.5
Fighting       | 4 |  4.2
Armour         | |  2.1
Shields        | |  3.8

Action                   |  1- 3 |  4- 6 || total
-------------------------+-------+-------++-------
Melee: Trident           |   122 |    72 ||   194
  Use: Potion            |       |     5 ||     5
  Eat: Chunk             |       |     2 ||     2
Armor: Scale mail        |    43 |    32 ||    75
Dodge: Dodged            |    21 |    35 ||    56
Block: Shield            |    53 |    44 ||    97

Table legend:
 A = Spawn XP
 B = Non-spawn XP
 C = Spawn XP percentage of total XP
 D = Spawn monster count
 E = Non-spawn monster count
 F = Spawn count percentage of total count
 G = Total turns spent on level
                    A         B        C        D         E        F      G
               +---------+---------+-------+---------+---------+-------+---------
         Total |       0 |     193 |   0.0 |       0 |      47 |   0.0 |  1513
               +---------+---------+-------+---------+---------+-------+---------
           D:1 |       0 |      39 |   0.0 |       0 |      23 |   0.0 |   701
           D:2 |       0 |     154 |   0.0 |       0 |      24 |   0.0 |   812
               +---------+---------+-------+---------+---------+-------+---------
